 Dungeon Crawl Stone Soup version 0.32-a0-468-g38b2580584 (webtiles) character file.

Game seed: 13677639504495374288

80 quinnr the Conjurer (level 4, 0/25 HPs)
             Began as a Tengu Air Elementalist on Feb 24, 2024.
             Slain by Grinder (3 damage)
             ... on level 3 of the Dungeon.
             The game lasted 00:04:09 (2244 turns).

quinnr the Conjurer (Tengu Air Elementalist)        Turns: 2244, Time: 00:04:10

Health: 0/25       AC:  6    Str:  9    XL:     4   Next: 39%
Magic:  1/8        EV: 12    Int: 17    God:
Gold:   81         SH:  0    Dex: 14    Spells: 6/7 levels left

rFire   . . .        (no weapon)
rCold   . . .        (no shield)
rNeg    . . .        a - +0 robe
rPois   .            (helmet restricted)
rElec   .            (no cloak)
rCorr   .            (no gloves)
SInv    .            (boots unavailable)
Will    +....        (no amulet)
Stlth   ++           T - +4 ring of protection
HPRegen 0.24/turn    (no ring)
MPRegen 0.11/turn

%: acrobat
@: about to teleport, enlightened, flying
A: beak, talons 3, acrobatic
a: no special abilities


You were on level 3 of the Dungeon.
You visited 1 branch of the dungeon, and saw 3 of its levels.

You collected 171 gold pieces.
You spent 90 gold pieces at shops.


Innate Abilities, Weirdness & Mutations

You have a beak for a mouth.
You have claws for feet.
You can magically evade attacks while moving or waiting.


   Skills:
 + Level 1.3 Fighting
 - Level 2.1 Dodging
 - Level 2.0 Stealth
 - Level 2.0 Spellcasting
 - Level 5.0 Conjurations
 - Level 4.0 Air Magic


You had 6 spell levels left.
You knew the following spells:

 Your Spells              Type           Power      Damage    Failure   Level
z - Shock                 Conj/Air       68%        1d7       3%          1

Your spell library contained the following spells:

 Spells                   Type           Power      Damage    Failure   Level
 Static Discharge         Conj/Air       34%        3-5/arc   4%          2
 Swiftness                Air            15%        N/A       11%         3
 Sandblast                Erth           2%         2d4       19%         1
 Stone Arrow              Conj/Erth      20%        3d8       21%         3
 Airstrike                Air            7%         2d(2-18)  36%         4
 Passwall                 Erth           1%         N/A       50%         3
 Brom's Barrelling Bould  Conj/Erth      10%        2d3       56%         4

Inventory:

Armour
 a - a +0 robe (worn)
Jewellery
 T - a +4 ring of protection (left hand)
Scrolls
 c - a scroll of enchant weapon {unknown}
 d - a scroll of fear {unknown}
 f - a scroll of blinking {unknown}
 h - a scroll of enchant armour {unknown}
 k - a scroll of silence {unknown}
 l - a scroll of poison {unknown}
 o - a scroll of summoning {unknown}
 q - a scroll of noise {unknown}
Potions
 b - a potion of magic
 e - 3 potions of curing {unknown}
 g - 2 potions of heal wounds {unknown}
 j - a potion of berserk rage {!q}
 p - a potion of mutation {unknown}
 r - a potion of degeneration {unknown}

Dungeon Overview and Level Annotations

Branches:
Dungeon (3/15)

Altars:

Shops:
D:1 *   D:2 (

Annotations:
D:3 Grinder

......##.#
########.# .
#.# . #.## .
#..##
####...##
+....(..######
####.....(o5.#
##o######@#
#.#### #o#
#....###.#
#........#
####5##### .#
.# 5# o#


You could see Grinder and 2 orcs.


Message History

The orc hits you but does no damage.
Unknown command.
Unknown command.
Throw: dart (curare) {=f}
Press: ? - help, Q - select action, (/) - cycle Shift-Dir - straight line, f/p - Grinder
Aim: Grinder (severely wounded, 50% to hit)
You throw a curare-tipped dart {=f}.
The curare-tipped dart {=f} barely misses Grinder.
The orc misses you. Grinder gestures at you. Pain shoots through your body!
Unknown command.
Unknown command.
You hit the orc but do no damage. You claw the orc, but do no damage.
The orc barely misses you.
Unknown command.
You closely miss Grinder. Your peck misses Grinder.
Grinder is severely wounded.
The orc barely misses you.
Grinder says, "Wait up."
Grinder hits you!
* * * LOW HITPOINT WARNING * * *
You writhe in agony.
* * * LOW HITPOINT WARNING * * *
Unknown command.
As you read the scroll labelled HIP UR ZOGYDAR, it crumbles to dust.
You feel strangely unstable.
It was a scroll of teleportation.
The orc barely misses you. Grinder hits you.
You die...
Grinder sighs, "Dead already?
I want a refund."

Skill      XL: |  1  2  3 |
---------------+----------+-----
Conjurations   | 3 5 |  5.0
Fighting       | 1 |  1.3
Dodging        | |  2.1
Stealth        | |  2.0
Spellcasting   | |  2.0
Air Magic      | |  4.0

Action                     |  1- 3 |  4- 6 || total
---------------------------+-------+-------++-------
  Melee: Unarmed           |       |     2 ||     2
         Kick              |       |     1 ||     1
  Throw: Dart              |       |     3 ||     3
   Cast: Shock             |    58 |    10 ||    68
    Use: Scroll            |     2 |     1 ||     3
         Potion            |       |     1 ||     1
 Armour: Robe              |     2 |     4 ||     6
  Dodge: Dodged            |     2 |     7 ||     9

Levels and vault maps discovered:
D:1:      dpeg_arrival_morbid_curiosity, layout_loops_cross, serial_shops, shop,
          hangedman_decor_diamond_cutter
D:2:      layout_loops_ring, serial_shops, shop, hex_tiny
D:3:      layout_loops_corners, basic_ecumenical_altar, dreamdust_wishing_well,
          uniq_grinder

Notes
Turn   | Place    | Note
-------+----------+-------------------------------------------
     0 | D:1      | quinnr the Tengu Air Elementalist began the quest for the
                  | Orb.
     0 | D:1      | Reached XP level 1. HP: 10/10 MP: 4/4
    74 | D:1      | Reached skill level 3 in Conjurations
    74 | D:1      | Reached XP level 2. HP: 15/15 MP: 0/6
   680 | D:1      | Reached XP level 3. HP: 19/19 MP: 5/7
   761 | D:1      | Reached skill level 4 in Conjurations
   788 | D:1      | Found Adyown's Assorted Antiques.
   794 | D:1      | Bought a scroll labelled CYOFITSUAG for 30 gold pieces
   794 | D:1      | Bought a scroll labelled CYOFITSUAG for 30 gold pieces
   794 | D:1      | Bought a scroll labelled LUOMAUTHUM for 30 gold pieces
  1307 | D:2      | Found Vipn's Weapon Shop.
  2051 | D:3      | Reached skill level 5 in Conjurations
  2051 | D:3      | Reached skill level 1 in Fighting
  2051 | D:3      | Reached XP level 4. HP: 9/25 MP: 2/8
  2215 | D:3      | Noticed Grinder
  2243 | D:3      | HP: 2/25 [Grinder (5)]
  2244 | D:3      | Slain by Grinder

Vanquished Creatures
  An orc wizard (D:3)
  A gnoll (D:1)
  An adder (D:2)
  An orc (D:3)
  3 ball pythons
  3 bats
  An endoplasm (D:2)
  6 goblins (D:1)
  5 hobgoblins
  4 kobolds
  A quokka (D:1)
  2 frilled lizards
  5 rats
34 creatures vanquished.

Table legend: (Time is in decaauts)
 A = Elapsed time spent in this place.
 B = Non-inter-level travel time spent in this place.
 C = Inter-level travel time spent in this place.
 D = Time resting spent in this place.
 E = Time spent auto-exploring this place.
 F = Levels seen in this place.
 G = Mean time per level.
                   A        B        C        D        E       F      G
               +--------+--------+--------+--------+--------+-----+--------+
         Total |   2243 |   2143 |    100 |    119 |   1765 |   3 |  747.7 |
       Dungeon |   2243 |   2143 |    100 |    119 |   1765 |   3 |  747.7 |
               +--------+--------+--------+--------+--------+-----+--------+

Top non-repeatable levels by time:
     D:1: 1157 daAuts
     D:2: 693 daAuts
     D:3: 391 daAuts

Table legend:
 A = Non-vault XP
 B = Vault XP
 C = Vault XP percentage of total XP
 D = Non-vault monster count
 E = Vault monster count
 F = Vault count percentage of total count
                 A         B        C        D         E       F
            +---------+---------+-------+---------+---------+-------
      Total |     106 |       9 |   7.8 |      29 |       5 |  14.7
            +---------+---------+-------+---------+---------+-------
        D:1 |      39 |       9 |  18.8 |      16 |       5 |  23.8
        D:2 |      24 |       0 |   0.0 |       8 |       0 |   0.0
        D:3 |      43 |       0 |   0.0 |       5 |       0 |   0.0
            +---------+---------+-------+---------+---------+-------

Levels and vault maps discovered:
D:1:      dpeg_arrival_morbid_curiosity, layout_loops_cross, serial_shops, shop,
          hangedman_decor_diamond_cutter
D:2:      layout_loops_ring, serial_shops, shop, hex_tiny
D:3:      layout_loops_corners, basic_ecumenical_altar, dreamdust_wishing_well,
          uniq_grinder
